 Dungeon Crawl Stone Soup version 0.30-a0-219-gf2db51d15e (webtiles) character file.

Game seed: 2914994427524794892

2190 Iusername the Protected (level 9, 0/78 HPs)
             Began as a Minotaur Fighter on Oct 6, 2022.
             Shot with an arrow by a centaur (2 damage)
             ... on level 7 of the Dungeon.
             The game lasted 00:09:46 (6176 turns).

Iusername the Protected (Minotaur Fighter)          Turns: 6176, Time: 00:09:47

Health: 0/78       AC: 16    Str: 25    XL:     9   Next: 12%
Magic:  8/8        EV:  7    Int:  5    God:
Gold:   1096       SH:  5    Dex: 10    Spells: 8/8 levels left

rFire   . . .      SeeInvis .    a - +1 trident
rCold   . . .      Faith    .    c - +0 buckler
rNeg    . . .      Spirit   .    i - +2 plate armour
rPois   .          Reflect  .    (helmet restricted)
rElec   .          Harm     .    (no cloak)
rCorr   .          Rampage  .    (no gloves)
Will    .....                    (no boots)
Stlth   ..........               o - amulet of regeneration
HPRegen 1.13/turn                (no ring)
MPRegen 0.11/turn                (no ring)

@: brilliant
A: horns 2, retaliatory headbutt
a: no special abilities


You were on level 7 of the Dungeon.
You visited 1 branch of the dungeon, and saw 8 of its levels.

You collected 1096 gold pieces.

Inventory:

Hand Weapons
 a - a +1 trident (weapon)
Missiles
 z - a throwing net
 A - 5 boomerangs (quivered)
Armour
 c - a +0 buckler (worn)
 i - a +2 plate armour (worn)
Jewellery
 f - a ring of positive energy
 j - an amulet of the acrobat
 o - an amulet of regeneration (around neck)
 p - a ring of protection from cold
 x - an amulet of guardian spirit
 D - an amulet of reflection
Wands
 k - a wand of iceblast (12)
 r - a wand of paralysis (5)
Scrolls
 b - 3 scrolls of poison {unknown}
 m - a scroll of amnesia {unknown}
 t - 2 scrolls of vulnerability
 u - 3 scrolls of teleportation
 y - a scroll of immolation {unknown}
 C - a scroll of brand weapon {unknown}
Potions
 e - a potion of curing {unknown}
 g - 3 potions of flight
 h - a potion of ambrosia {unknown}
 n - a potion of heal wounds {unknown}
 q - a potion of invisibility {unknown}
 s - a potion of brilliance
 w - 2 potions of degeneration {unknown}


   Skills:
 + Level 6.4 Fighting
 + Level 8.7 Polearms
 + Level 3.7 Throwing
 + Level 9.0 Armour
 + Level 1.0 Dodging
 + Level 5.5 Shields


You had 8 spell levels left.
You didn't know any spells.
Your spell library contained the following spells:

 Spells                   Type           Power      Damage    Failure   Level
 Summon Small Mammal      Summ           0%         N/A       100%        1
 Call Canine Familiar     Summ           0%         N/A       100%        3
 Summon Guardian Golem    Hex/Summ       0%         N/A       100%        3


Dungeon Overview and Level Annotations

Branches:
Dungeon (8/15)
 Temple: D:4-7         Lair: D:8-11

Altars:
Hepliaklqana
Kikubaaqudgha
Trog
Uskayaw
Yredelemnul

Shops:
D:2 (   D:5 *

Annotations:
D:7 Menkaure


Innate Abilities, Weirdness & Mutations

You have a pair of horns on your head.
You reflexively headbutt those who attack you in melee.


Message History

The arrow hits you but does no damage.
You hit Menkaure but do no damage.
Menkaure is lightly damaged.
The centaur shoots an arrow.
The arrow hits you! Menkaure closely misses you.
You hit Menkaure.
Menkaure is moderately damaged.
The centaur shoots an arrow.
The arrow hits you.
The centaur shoots an arrow.
The arrow closely misses you.
Menkaure shouts, "Why can't you leave me to my rest?"
Menkaure hits you but does no damage.
You completely miss Menkaure.
Menkaure is moderately damaged.
The centaur shoots an arrow.
The arrow hits you but does no damage.
Menkaure calls on the powers of darkness!
Your body is wracked with pain!
The centaur convulses!
You hit Menkaure.
Menkaure is heavily damaged.
The centaur shoots an arrow.
You block the arrow.
You hit Menkaure.
Menkaure is severely damaged.
The centaur shoots an arrow.
The arrow hits you but does no damage. Menkaure hits you.
* * * LOW HITPOINT WARNING * * *
The centaur shoots an arrow.
The arrow closely misses you.
You hit Menkaure.
Menkaure is almost destroyed.
The centaur shoots an arrow.
The arrow hits you but does no damage.
Menkaure gestures wildly while chanting.
Menkaure seems to speed up.
You barely miss Menkaure.
Menkaure is almost destroyed.
The centaur shoots an arrow.
The arrow hits you!
* * * LOW HITPOINT WARNING * * *
Menkaure hits you!
* * * LOW HITPOINT WARNING * * *
The centaur shoots an arrow.
The arrow barely misses you.
It was a potion of brilliance.
You feel clever all of a sudden.
The centaur shoots an arrow.
The arrow hits you.
You die...

.......###.###
.................##....
.#.....................>
..<.....................
...................<.†..
........................
........................
...................§....
#.....M@.[>......)......
........................
#......c.........(......
.......[.[..............
......##..........#####.
..................... #
...................#.#
..............[....# .#
....##...........# .


You could see Menkaure (fast) and a centaur.

Vanquished Creatures
  Grinder (D:3)
  Sigmund (D:6)
  A steam dragon (D:6)
  Edmund (D:6)
  Duvessa (D:6)
  2 ice beasts
  A black bear (D:6)
  An ogre (D:7)
  A bullfrog (D:7)
  4 scorpions
  Dowan (D:6)
  3 killer bees
  A howler monkey (D:5)
  2 jellies
  An orc priest (D:6)
  6 hounds
  Jessica (D:3)
  3 iguanas
  2 orc wizards (D:7)
  13 adders
  2 white imps
  An ufetubus (D:5)
  2 worms (D:4)
  5 dart slugs
  6 orcs
  6 ball pythons
  2 endoplasms
  3 giant cockroaches
  10 goblins
  3 hobgoblins
  3 jackals (D:3)
  7 kobolds
  4 quokkas
  3 bats
  4 frilled lizards (D:2)
  2 rats (D:3)
110 creatures vanquished.

Notes
Turn   | Place    | Note
-------+----------+-------------------------------------------
     0 | D:1      | Iusername the Minotaur Fighter began the quest for the Orb.
     0 | D:1      | Reached XP level 1. HP: 19/19 MP: 0/0
   278 | D:1      | Reached XP level 2. HP: 27/27 MP: 1/1
   451 | D:1      | Found a faded altar of an unknown god.
   472 | D:1      | Reached skill level 4 in Armour
   686 | D:2      | Found Kutuh's Antique Weapon Emporium.
  1035 | D:2      | Reached XP level 3. HP: 33/33 MP: 2/2
  1634 | D:3      | Noticed Jessica
  1638 | D:3      | Killed Jessica
  1639 | D:3      | Reached XP level 4. HP: 30/41 MP: 3/3
  2067 | D:3      | Found a hide-covered altar of Uskayaw.
  2067 | D:3      | Noticed Grinder
  2067 | D:3      | Noticed a scorpion
  2068 | D:3      | Paralysed by Grinder for 3 turns
  2077 | D:3      | Killed a scorpion
  2078 | D:3      | Reached skill level 5 in Armour
  2078 | D:3      | Reached XP level 5. HP: 45/47 MP: 4/4
  2081 | D:3      | Killed Grinder
  2082 | D:3      | Reached skill level 5 in Polearms
  2082 | D:3      | Reached XP level 6. HP: 32/53 MP: 5/5
  2943 | D:4      | Reached skill level 6 in Armour
  2943 | D:4      | Reached XP level 7. HP: 60/60 MP: 6/6
  3425 | D:4      | Found a basalt altar of Yredelemnul.
  3507 | D:5      | Entered Level 5 of the Dungeon
  3514 | D:5      | Found a bloodstained altar of Trog.
  3615 | D:5      | Reached skill level 5 in Fighting
  3769 | D:5      | Reached skill level 1 in Throwing
  3781 | D:5      | Reached skill level 5 in Shields
  3878 | D:5      | Identified the +0 scale mail of Eheangia {Drain rPois rN+
                  | MP+9}
  3880 | D:5      | Found a hazy altar of Hepliaklqana.
  3906 | D:5      | Found Ogiplarr's CLEARANCE SALE!.
  4232 | D:5      | Identified a scroll of acquirement
  4235 | D:5      | Acquired 720 gold pieces
  4243 | D:6      | Noticed Sigmund
  4291 | D:6      | Killed Sigmund
  4292 | D:6      | Reached skill level 7 in Armour
  4292 | D:6      | Reached XP level 8. HP: 24/68 MP: 7/7
  4505 | D:6      | Noticed Edmund
  4531 | D:6      | Killed Edmund
  4827 | D:6      | Noticed Duvessa
  4827 | D:6      | Noticed Dowan
  4844 | D:6      | Killed Duvessa
  4848 | D:6      | Killed Dowan
  4996 | D:6      | Found an ancient bone altar of Kikubaaqudgha.
  5020 | D:6      | Reached skill level 8 in Armour
  5558 | D:7      | Reached XP level 9. HP: 21/77 MP: 8/8
  5690 | D:7      | Noticed Menkaure
  5696 | D:8      | Reached skill level 9 in Armour
  5700 | D:8      | Reached skill level 1 in Dodging
  6175 | D:7      | HP: 1/78 [Menkaure (17)]
  6176 | D:7      | Shot with an arrow by a centaur

Illustrated notes

Levels and vault maps discovered:
D:1:      zaba_arrival_water, layout_loops_ring, ebering_ecumenical_altar_ruins
D:2:      layout_basic, serial_shops, nicolae_shop_overgrown_old_shop
D:3:      layout_loops_ring, eat_drink_and_be_merry_uskayaw, grunt_decor_cap,
          uniq_jessica, uniq_grinder
D:4:      layout_basic, general_overflow_altar
D:5:      layout_loops_cross, trog_antimagical, nzn_hepliaklqana_mist_gate,
          nicolae_shop_clearance
D:6:      layout_basic, mainiacjoe_overflow_surrounded_room, uniq_edmund,
          uniq_sigmund, uniq_duvessa
D:7:      layout_rooms, minmay_temple_entry_wispy, nicolae_ossuary_entry_plus,
          hangedman_abyss_or_decor_passed, uniq_menkaure
D:8:      layout_basic, serial_co_window_serial, co_window_paths_b,
          co_window_paths_b, co_window_paths_a, co_window_corner_a,
          co_window_paths_a, co_window_corner_a, co_window_of_opportunity_a,
          co_window_broadway_a, co_window_corner_cb, co_window_of_opportunity_b,
          co_window_paths_d, co_window_4corner_b, glass_columns_a, uniq_maurice

Skill      XL: |  1  2  3  4  5  6  7  8  9 |
---------------+----------------------------+-----
Armour         | 4 5 6 7 8 9 |  9.0
Fighting       | 4 5 6 |  6.4
Shields        | 4 5 |  5.5
Polearms       | 3 4 5 6 7 8 |  8.7
Throwing       | 2 3 |  3.7
Dodging        | 1 |  1.0

Action                   |  1- 3 |  4- 6 |  7- 9 || total
-------------------------+-------+-------+-------++-------
Melee: Trident           |    96 |    74 |   245 ||   415
       Headbutt          |    11 |    10 |    37 ||    58
Throw: Boomerang         |       |       |    49 ||    49
  Use: Potion            |       |     1 |     3 ||     4
       Scroll            |       |       |    14 ||    14
Armor: Scale mail        |     6 |       |       ||     6
       Plate armour      |    50 |    46 |   170 ||   266
Dodge: Dodged            |    37 |    21 |    95 ||   153
Block: Buckler           |    18 |    17 |    53 ||    88

Table legend: (Time is in decaauts)
 A = Elapsed time spent in this place.
 B = Non-inter-level travel time spent in this place.
 C = Inter-level travel time spent in this place.
 D = Time resting spent in this place.
 E = Time spent auto-exploring this place.
 F = Levels seen in this place.
 G = Mean time per level.
                   A        B        C        D        E       F      G
               +--------+--------+--------+--------+--------+-----+--------+
         Total |   6215 |   5957 |    258 |   1572 |   3445 |   8 |  776.9 |
       Dungeon |   6215 |   5957 |    258 |   1572 |   3445 |   8 |  776.9 |
               +--------+--------+--------+--------+--------+-----+--------+

Top non-repeatable levels by time:
     D:6: 1277 daAuts
     D:3: 1235 daAuts
     D:2: 892 daAuts
     D:5: 744 daAuts
     D:4: 715 daAuts
     D:1: 697 daAuts
     D:8: 461 daAuts
     D:7: 189 daAuts
